 Dungeon Crawl Stone Soup version 0.18-a0-628-gc02dfad (webtiles) character file.

70 RanDominus the Grave Robber (level 4, 17/18 HPs)
             Began as a Felid Necromancer on Dec 4, 2015.
             Quit the game on level 2 of the Dungeon on Dec 9, 2015.
             The game lasted 00:18:49 (2788 turns).

RanDominus the Grave Robber (Felid Necromancer)     Turns: 2788, Time: 00:18:49

Health: 17/18      AC:  1    Str:  4    XL:     4   Next: 3%
Magic:  4/9        EV: 18    Int: 17    God:
Gold:   64         SH:  0    Dex: 16    Spells: 3 memorised, 2 levels left
                                        Lives:  1   Deaths: 0

rFire  + . .     SeeInvis +     (weapon unavailable)
rCold  x . .     Clarity  .     (armour unavailable)
rNeg   . . .     SustAt   .     (shield unavailable)
rPois  .         Gourm    .     (helmet unavailable)
rElec  .         Spirit   .     (cloak unavailable)
rCorr  .         Dismiss  .     (gloves unavailable)
rMut   .         Stasis   .     (boots unavailable)
MR     .....                    f - amulet of faith
Stlth  +++.......               (no ring)
                                d - ring of fire

@: quick, not resistant to hostile enchantments, fairly stealthy
A: no armour, no weapons or thrown items, claws 1, fangs 3, see invisible,
carnivore 3, speed 1, shaggy fur 1, slow metabolism 1, sharp paws
a: no special abilities


You were on level 2 of the Dungeon.
You were completely stuffed.

You visited 1 branch of the dungeon, and saw 2 of its levels.

You collected 64 gold pieces.

Inventory:

Jewellery
 d - a ring of fire (left paw)
 f - an amulet of faith (around neck)
Scrolls
 c - 2 scrolls of fear {unknown}
 e - a scroll of immolation {unknown}
 h - a scroll of teleportation {unknown}
 m - a scroll of identify {unknown}
 n - a scroll of blinking {unknown}
Potions
 g - a potion of mutation {unknown}
 j - 3 potions of flight {unknown}
 l - a potion of curing {unknown}
Books
 a - a book of Necromancy

   Spells                             Type                      Level
   a - Pain                           Necromancy                   1
   b - Animate Skeleton               Necromancy                   1
   c - Vampiric Draining              Necromancy                   3
   d - Regeneration                   Charms/Necromancy            3
   e - Animate Dead                   Necromancy                   4
   f - Control Undead                 Necromancy                   4
Comestibles
 b - a meat ration
 i - 5 chunks of flesh
 k - 2 beef jerkies


   Skills:
 + Level 2.6 Dodging
 + Level 3.2 Stealth
 + Level 0.2 Unarmed Combat
 * Level 3.2 Spellcasting
 + Level 4.6 Necromancy


You had 2 spell levels left.
You knew the following spells:

 Your Spells              Type           Power        Failure   Level  Hunger
a - Pain                  Necr           ###.         2%          1    None
b - Vampiric Draining     Necr           ###.......   10%         3    ###....
c - Regeneration          Chrm/Necr      ##........   21%         3    ###....


Dungeon Overview and Level Annotations

Branches:
Dungeon (2/15)

Altars:

Annotations:
D:2 Robin


Innate Abilities, Weirdness & Mutations

You cannot wear armour.
You are incapable of wielding weapons or throwing items.
You have sharp claws.
You have razor-sharp teeth.
You have supernaturally acute eyesight.
You are carnivorous and can eat meat at any time.
You cover ground quickly.
You are covered in fur (AC +1).
You have a slow metabolism.
Your sharp claws are effective at attacking unaware monsters.


Message History

The bat hits you.
You scratch the bat but do no damage.
The bat is almost dead.
The bat misses you.
You scratch the bat.
You kill the bat!
No target in view!
Number of times to repeat, then command key: You must enter the number of times for the command to repeat.
Unknown command.
You see here a bat corpse.
You butcher the bat corpse.
i - 5 chunks of flesh (gained 1) Unknown command.
Unknown command.
Saving game... please wait.
Level annotation: Robin Welcome back, RanDominus the Felid Necromancer.
Press ? for a list of commands and other information.
Are you sure you want to abandon this character and quit the game? (Confirm with "yes".)

############# #
.....##.....# ##...
#######.....######....#
...## #.>.......@..#
##..###.....#######.....
########
............###### ###
#.......
..[.....##.........
#.......
.........##.######.
###.......
.......[.....#
#.........
.........##.##
##........ .........##.#
#......... .............
#.#.......


There were no monsters in sight!

Vanquished Creatures
  An adder (D:2)
  3 worms (D:2)
  8 bats
  2 giant cockroaches (D:2)
  13 goblins
  2 hobgoblins (D:2)
  4 jackals (D:2)
  4 kobolds (D:1)
  A quokka (D:2)
  A ball python (D:2)
  5 giant newts (D:2)
  4 rats
48 creatures vanquished.

Notes
Turn   | Place    | Note
--------------------------------------------------------------
     0 | D:1      | RanDominus the Felid Necromancer began the quest for the Orb.
     0 | D:1      | Reached XP level 1. HP: 7/7 MP: 4/4
     2 | D:1      | Noticed an elf
     4 | D:1      | Noticed a vampire
     6 | D:1      | Noticed a naga
     6 | D:1      | Noticed a minotaur
    14 | D:1      | Noticed a vine stalker
    14 | D:1      | Noticed a tengu
    16 | D:1      | Noticed a demonspawn
    16 | D:1      | Noticed a merfolk
    18 | D:1      | Noticed a felid
    18 | D:1      | Noticed a demigod
    20 | D:1      | Noticed a centaur
    22 | D:1      | Noticed a ghoul
    22 | D:1      | Noticed a troll
    24 | D:1      | Noticed a gargoyle
    26 | D:1      | Noticed an ogre
    28 | D:1      | Noticed a dwarf
    28 | D:1      | Noticed an octopode
    30 | D:1      | Noticed a formicid
    30 | D:1      | Noticed a spriggan
    32 | D:1      | Noticed a human
    32 | D:1      | Noticed a draconian
   479 | D:1      | Reached XP level 2. HP: 4/11 MP: 1/6
  1886 | D:2      | Reached XP level 3. HP: 11/14 MP: 4/7
  1923 | D:2      | Learned a level 3 spell: Vampiric Draining
  1928 | D:2      | Learned a level 3 spell: Regeneration
  2427 | D:2      | Noticed Robin
  2735 | D:2      | Reached XP level 4. HP: 10/18 MP: 2/9
  2788 | D:2      | Quit the game

Vault maps used:
D:1:      kb_arrival_jail
D:2:      nicolae_overflow_crystal_walls, uniq_robin

Action                   |  1- 3 |  4- 6 || total
-------------------------+-------+-------++-------
Melee: Unarmed           |    36 |    12 ||    48
 Cast: Pain              |    74 |       ||    74
       Vampiric Draining |     8 |       ||     8
       Regeneration      |     2 |     1 ||     3
 Stab: Sleeping          |     4 |       ||     4
  Eat: Chunk             |    12 |     1 ||    13
